[Event "Sunday 14 January 2nd Tour 7+2 Rounds 9 Starts 2200 ST"]
[Site "Infinity Chess"]
[Date "2018.1.14"]
[Round "5"]
[White "Coco69"]
[Black "ocirema"]
[Result "1/2-1/2"]
[ECO "B90"]
[WhiteElo "2482"]
[BlackElo "2472"]
[WhiteEngine "asmfishw_2018-01-12_base_CTG"]
[BlackEngine "asmFishW_2018-01-12_popcnt_CTG"]
[EventType "Swiss"]
[WhiteTeam ""]
[BlackTeam ""]
[PlyCount "78"]
[TimeControl "420+2"]

1. e4 c5 2. Nf3 d6 3. d4 cxd4 4. Nxd4 Nf6 5. Nc3 a6 6. Be3 e5 7. Nb3 Be6 
8. f3 h5 9. Qd2 Nbd7 10. Nd5 Nxd5 11. exd5 Bf5 12. Na5 Qc7 13. Rc1 Be7 
14. Bd3 Bxd3 15. cxd3 Qb8 16. d4 Bh4+ 17. g3 Bf6 18. dxe5 Nxe5 19. O-O O-O 
20. Kg2 Re8 21. Bb6 Re7 22. f4 Nd7 23. Nc4 Nxb6 24. Nxb6 Qe8 25. Rfe1 Rd8 
26. a4 g6 27. b4 Bg7 28. Rxe7 Qxe7 29. Re1 Qf6 30. h3 Bf8 31. a5 Bg7 32. Re3 h4 
33. g4 Qa1 34. Qe1 Qd4 35. Qxh4 Qd2+ 36. Kf3 Qd1+ 37. Kg2 Qd2+ 38. Kf3 Qd1+ 
39. Kg2 Qd2+ 1/2-1/2

[Event "Sunday 14 January 2nd Tour 7+2 Rounds 9 Starts 2200 ST"]
[Site "Infinity Chess"]
[Date "2018.1.14"]
[Round "5"]
[White "incredible"]
[Black "RonWeasley"]
[Result "1/2-1/2"]
[ECO "E10"]
[WhiteElo "2500"]
[BlackElo "2529"]
[WhiteEngine "Stockfish_x64_bmi2"]
[BlackEngine "BrainFish 130117_CTG"]
[EventType "Swiss"]
[WhiteTeam ""]
[BlackTeam ""]
[PlyCount "48"]
[TimeControl "420+2"]

1. d4 Nf6 2. c4 e6 3. Nf3 d5 4. Nc3 c6 5. Bg5 h6 6. Bxf6 Qxf6 7. e3 Nd7 
8. Bd3 dxc4 9. Bxc4 g6 10. O-O Bg7 11. e4 e5 12. d5 Nb6 13. Nd2 Nxc4 
14. Nxc4 O-O 15. Qe2 Rd8 16. a3 Bd7 17. Rad1 cxd5 18. Nxd5 Qg5 19. Rc1 h5 
20. Rc3 Rac8 21. Rg3 Qh4 22. Rc3 Qg5 23. Rg3 Qh4 24. Rc3 Qg5 1/2-1/2

[Event "Sunday 14 January 2nd Tour 7+2 Rounds 9 Starts 2200 ST"]
[Site "Infinity Chess"]
[Date "2018.1.14"]
[Round "5"]
[White "Vimtiroba"]
[Black "CrossingJordan"]
[Result "1/2-1/2"]
[ECO "D31"]
[WhiteElo "2543"]
[BlackElo "2509"]
[WhiteEngine "CFish@13_CTG"]
[BlackEngine "asmFishW_2017-12-20_bmi2_CTG"]
[EventType "Swiss"]
[WhiteTeam ""]
[BlackTeam ""]
[PlyCount "97"]
[TimeControl "420+2"]

1. d4 d5 2. c4 e6 3. Nc3 c6 4. Nf3 Nf6 5. e3 Nbd7 6. Be2 Bd6 7. b3 b6 8. Bb2 O-O 
9. Qc2 Bb7 10. O-O Qe7 11. h3 Rfe8 12. a4 a5 13. Rac1 Rac8 14. Qb1 h6 
15. Rfd1 Bc7 16. Nd2 Rcd8 17. Bf1 Nb8 18. g3 Na6 19. Bg2 Nb4 20. Na2 Na6 
21. Nc3 Nb4 22. Nf3 Bd6 23. Nh4 Qc7 24. Nf3 Qe7 25. Re1 c5 26. Nd2 dxc4 
27. Bxb7 Qxb7 28. bxc4 Qb8 29. Nf1 h5 30. Nb5 h4 31. gxh4 cxd4 32. exd4 Bf4 
33. Rc3 e5 34. d5 Qc8 35. Kg2 e4 36. Ng3 Be5 37. Nxe4 Bxc3 38. Bxc3 Nh5 
39. Bxb4 axb4 40. Nbd6 Nf4+ 41. Kg3 Qxh3+ 42. Kxf4 Qxh4+ 43. Kf3 Qh5+ 
44. Kg2 Qg4+ 45. Kf1 Qh3+ 46. Kg1 Qg4+ 47. Kf1 Qh3+ 48. Kg1 Qg4+ 49. Kf1 1/2-1/2

[Event "Sunday 14 January 2nd Tour 7+2 Rounds 9 Starts 2200 ST"]
[Site "Infinity Chess"]
[Date "2018.1.14"]
[Round "5"]
[White "beka"]
[Black "xeonrocks"]
[Result "1/2-1/2"]
[ECO "C77"]
[WhiteElo "2378"]
[BlackElo "2582"]
[WhiteEngine "stockfish_18011309_x64_CTG"]
[BlackEngine "asmFishW_bmi2_CTG"]
[EventType "Swiss"]
[WhiteTeam ""]
[BlackTeam ""]
[PlyCount "134"]
[TimeControl "420+2"]

1. e4 e5 2. Nf3 Nc6 3. Bb5 a6 4. Ba4 Nf6 5. O-O Be7 6. Re1 b5 7. Bb3 O-O 
8. a4 b4 9. d4 d6 10. dxe5 Nxe5 11. Nxe5 dxe5 12. Qe2 a5 13. Bg5 Qd4 14. c3 bxc3 
15. Nxc3 c6 16. Be3 Qb4 17. Bc4 Rd8 18. Na2 Qxa4 19. b3 Qa3 20. Nc3 Qb4 
21. Na4 Qb7 22. Nb6 Rb8 23. Nxc8 Qxc8 24. Ba7 Ra8 25. Bb6 Rd7 26. Bxa5 Bc5 
27. Qf3 Rxa5 28. Rxa5 Bb4 29. Rea1 Bxa5 30. Rxa5 Qd8 31. Ra1 g6 32. g3 Kg7 
33. Ra6 Qc7 34. Bb5 Rd6 35. Qc3 Rd1+ 36. Kg2 Nxe4 37. Qxc6 Qxc6 38. Bxc6 Nd6 
39. b4 Rd2 40. b5 e4 41. Kg1 Rb2 42. Bd5 Rb1+ 43. Kg2 e3 44. fxe3 Nxb5 
45. Bc4 Rb4 46. Bxb5 Rb2+ 47. Kf3 Rxb5 48. h4 Rb2 49. Ra7 h5 50. Ra8 Kf6 
51. Ra6+ Ke5 52. Ra5+ Kf6 53. Ra6+ Ke5 54. Ra7 Ke6 55. e4 Rb5 56. Kf4 Kf6 
57. Ra6+ Kg7 58. Ra8 Rb3 59. Ra7 Kf6 60. Ra8 Rc3 61. e5+ Kg7 62. Ra5 Rc4+ 
63. Ke3 g5 64. e6 gxh4 65. e7 Rc8 66. gxh4 Re8 67. Rxh5 Rxe7+ 1/2-1/2

[Event "Sunday 14 January 2nd Tour 7+2 Rounds 9 Starts 2200 ST"]
[Site "Infinity Chess"]
[Date "2018.1.14"]
[Round "5"]
[White "Seliga"]
[Black "Thinker"]
[Result "1/2-1/2 "]
[ECO "C53"]
[WhiteElo "2528"]
[BlackElo "2502"]
[WhiteEngine "SF@130118_CTG"]
[BlackEngine "BrainFish_180106_x64_modern_CTG"]
[EventType "Swiss"]
[WhiteTeam ""]
[BlackTeam ""]
[PlyCount "171"]
[TimeControl "420+2"]

1. e4 e5 2. Nf3 Nc6 3. Bc4 Bc5 4. c3 Nf6 5. d3 O-O 6. a4 a5 7. Bg5 d6 8. Nbd2 h6 
9. Bh4 Kh8 10. Qe2 g5 11. Bg3 Qe8 12. Bb5 Bd7 13. Nc4 Ng8 14. Nfd2 Nge7 
15. h4 g4 16. Ne3 f5 17. Nxf5 Nxf5 18. exf5 Rxf5 19. O-O Qf7 20. Rae1 Rf8 
21. Nc4 Rf6 22. Bxc6 Bxc6 23. Nxa5 Bxa4 24. b4 Bb6 25. Ra1 Bxa5 26. bxa5 Bc6 
27. c4 Ra8 28. Rfe1 Qg6 29. a6 bxa6 30. Ra5 Rf7 31. Rea1 Kh7 32. Qc2 Rd8 
33. Rxa6 Bb7 34. R6a5 c5 35. Rb1 Bc6 36. Ra6 Rc7 37. Rbb6 Rdc8 38. Qb1 Kh8 
39. d4 Qxb1+ 40. Rxb1 exd4 41. Bxd6 Be4 42. Bxc7 Bxb1 43. Rxh6+ Kg8 44. Be5 Re8 
45. Rh8+ Kf7 46. Rxe8 Kxe8 47. Bd6 d3 48. Kf1 Ba2 49. Bxc5 Bxc4 50. Ke1 Kf7 
51. Kd2 Kg6 52. g3 Kf5 53. Ke3 Ba6 54. Ba3 Bb5 55. Bf8 Bc4 56. Bb4 Bb5 
57. Bc3 Bc4 58. Kd4 Bb5 59. Ba5 Ba6 60. Bd2 Kg6 61. Be3 Bb5 62. Ke4 Kh5 
63. Bc1 Kg6 64. Ke3 Ba6 65. Bd2 Bc4 66. Kd4 Bb5 67. Bg5 Kh5 68. Bf4 Kg6 
69. Be3 Kh5 70. Bf4 Ba6 71. Bd2 Bb5 72. Kc5 Ba6 73. Be3 Kg6 74. Bg5 Kf5 
75. Kd5 Kg6 76. Bf4 Kf5 77. Kd4 Kg6 78. Kc3 Kh5 79. Bg5 Bb5 80. Be3 Ba6 
81. Bg5 Kg6 82. Bd2 Bb5 83. Bc1 Kh5 84. Kd4 Kg6 85. Bd2 Ba6 86. Bb4 1/2-1/2

[Event "Sunday 14 January 2nd Tour 7+2 Rounds 9 Starts 2200 ST"]
[Site "Infinity Chess"]
[Date "2018.1.14"]
[Round "5"]
[White "SkyPilot"]
[Black "Murx"]
[Result "1/2-1/2"]
[ECO "C55"]
[WhiteElo "2542"]
[BlackElo "2514"]
[WhiteEngine "stockfish_x64_bmi2_2018_01_01_CTG"]
[BlackEngine "BrainFish_171226_x64_modern"]
[EventType "Swiss"]
[WhiteTeam ""]
[BlackTeam ""]
[PlyCount "307"]
[TimeControl "420+2"]

1. e4 e5 2. Nf3 Nc6 3. Bc4 Nf6 4. d3 Bc5 5. c3 d6 6. O-O h6 7. b4 Bb6 8. a4 a5 
9. b5 Ne7 10. Be3 Bxe3 11. fxe3 O-O 12. Bb3 c6 13. c4 Ng6 14. Nc3 Re8 
15. Qe1 Bg4 16. Qg3 Be6 17. Nd2 Rf8 18. Rab1 Rc8 19. Rbc1 Qe7 20. h3 Kh7 
21. Qe1 Kg8 22. Qe2 Nd7 23. Kh2 Rfd8 24. Qf2 Nf6 25. Kg1 Rf8 26. Rb1 Nh5 
27. Bd1 Nf6 28. Qf3 Kh7 29. Bb3 Nd7 30. Qh5 Kg8 31. Kh2 Qd8 32. Qf3 Qh4 
33. Qe2 Qg5 34. Bc2 Qd8 35. Bb3 Nf6 36. Kg1 Nd7 37. Qe1 Qe7 38. Qg3 Nf6 
39. Qf2 Rfd8 40. Qg3 Re8 41. Rbe1 Qd8 42. Qf2 Qe7 43. Qg3 Rf8 44. Rb1 Qd8 
45. Kh2 Qe7 46. Rbe1 Rfe8 47. Rc1 Red8 48. Rb1 Rf8 49. Kg1 Rfe8 50. Qf2 Rf8 
51. Qe2 Nd7 52. Bc2 Nf6 53. Bb3 Nd7 54. Kh2 Qh4 55. Qe1 Qg5 56. Bc2 Qd8 
57. Qg3 Ne7 58. d4 Kh8 59. Bd3 Nb6 60. Rfd1 Kg8 61. Be2 Ng6 62. bxc6 bxc6 
63. Rb2 c5 64. d5 Bd7 65. Ra2 Ra8 66. Rb1 Ra6 67. Nb5 Bc8 68. Qf2 Qe7 
69. Qe1 Qd8 70. Nf1 Ne7 71. Bd3 Kh8 72. Qh4 Nd7 73. Rab2 Rb6 74. Qe1 Ra6 
75. Qh4 Rb6 76. Kg1 Nf6 77. Qe1 Ra6 78. Nc3 Nh7 79. Be2 Ng8 80. Nh2 Ngf6 
81. Nf3 g6 82. Qg3 Kg7 83. Qh4 Re8 84. Qg3 Kh8 85. Nd2 Kg7 86. Nf3 Rg8 
87. Bd3 Nh5 88. Qf2 Rf8 89. Rb8 N5f6 90. Qh4 Re8 91. Kh1 Rh8 92. R1b2 Rf8 
93. Rb1 Rh8 94. Kg1 Rg8 95. Be2 Re8 96. Bd3 Rf8 97. R8b2 Rg8 98. Be2 Rf8 
99. Rb8 Rh8 100. Qe1 Rf8 101. R8b2 Nd7 102. Nd2 Ndf6 103. Bd3 Bd7 104. Nf3 Ng5 
105. Nd2 Ngh7 106. Qg3 Ng5 107. Be2 Kg8 108. Rb3 Ngh7 109. Nf3 Kh8 110. Bd3 Kg7 
111. R3b2 Nh5 112. Qf2 N5f6 113. Qh4 Rg8 114. Qe1 Rh8 115. Qh4 Rg8 116. Nd2 Ng5 
117. Qe1 Bc8 118. Qg3 Qe7 119. Rf1 Ra8 120. Rf2 Bd7 121. Rb1 Ngh7 122. Rff1 Rab8 
123. Nb3 Ra8 124. Nd2 Rab8 125. Rxb8 Rxb8 126. Nb5 Ng5 127. Qf2 Qd8 128. Kh2 Qe7 
129. Kg1 Nh5 130. h4 Nh7 131. Nb3 N7f6 132. Nxa5 Ng4 133. Qe1 Rb6 134. Nb3 Ra6 
135. a5 Nhf6 136. g3 Nh5 137. Be2 Ngf6 138. Bf3 Bh3 139. Rf2 Bg4 140. Bxg4 Nxg4 
141. Ra2 f5 142. exf5 gxf5 143. Nd2 e4 144. Nc3 Qb7 145. Ne2 Qb4 146. Qa1+ Kf7 
147. Qh8 Rxa5 148. Qc8 Rxa2 149. Qe6+ Kf8 150. Qc8+ Ke7 151. Qc7+ Kf8 
152. Qc8+ Ke7 153. Qc7+ Kf8 154. Qc8+ 1/2-1/2

[Event "Sunday 14 January 2nd Tour 7+2 Rounds 9 Starts 2200 ST"]
[Site "Infinity Chess"]
[Date "2018.1.14"]
[Round "5"]
[White "Thor"]
[Black "THE_MACHINE"]
[Result "1/2-1/2"]
[ECO "C50"]
[WhiteElo "2586"]
[BlackElo "2563"]
[WhiteEngine "asmFishW_bmi2"]
[BlackEngine "Houdini 6"]
[EventType "Swiss"]
[WhiteTeam ""]
[BlackTeam ""]
[PlyCount "143"]
[TimeControl "420+2"]

1. e4 e5 2. Nf3 Nc6 3. Bc4 Bc5 4. O-O Nf6 5. d3 d6 6. c3 O-O 7. Nbd2 h6 
8. Re1 Bb6 9. h3 Na5 10. Bb5 c5 11. Nc4 Bc7 12. Nxa5 Bxa5 13. Bc4 Bd7 14. a4 a6 
15. Bb3 b5 16. Nh4 b4 17. Bd2 Rb8 18. Bc4 Bc8 19. Qf3 bxc3 20. Bxc3 Bb4 
21. a5 Nd5 22. Bxd5 Qxh4 23. Bc4 Kh7 24. Rf1 Qd8 25. Qg3 g5 26. Qf3 Kg7 
27. Qg3 Qf6 28. Qe3 Qe7 29. Qe1 f6 30. f3 Qe8 31. Rf2 Kh7 32. g4 h5 33. h4 Rh8 
34. Bxb4 Rxb4 35. Qd2 Kg6 36. Rh2 hxg4 37. fxg4 Bxg4 38. Rf1 Rh5 39. Qg2 gxh4 
40. Kh1 Rg5 41. Qf2 Qh8 42. Rg2 Qg7 43. Qxh4 Rb8 44. Rh2 Rf8 45. Rff2 f5 
46. Rfg2 Kf6 47. Rg3 Ke7 48. Kg1 Qf6 49. exf5 Qxf5 50. Qh7+ Qxh7 51. Rxh7+ Kf6 
52. Rh6+ Ke7 53. Bxa6 Ra8 54. Bb7 Rxa5 55. Rh7+ Kd8 56. Rh4 Ra1+ 57. Kh2 Rb1 
58. Rg2 Rh5 59. Rgxg4 Rxh4+ 60. Rxh4 Rxb2+ 61. Bg2 d5 62. Rh8+ Ke7 63. Rc8 e4 
64. dxe4 dxe4 65. Kh3 c4 66. Bf1 c3 67. Ba6 e3 68. Rxc3 Rb6 69. Rxe3+ Kd6 
70. Bc4 Rb1 71. Kg3 Ra1 72. Be2 1/2-1/2

[Event "Sunday 14 January 2nd Tour 7+2 Rounds 9 Starts 2200 ST"]
[Site "Infinity Chess"]
[Date "2018.1.14"]
[Round "4"]
[White "Thinker"]
[Black "IronMan"]
[Result "1-0"]
[ECO "C11"]
[WhiteElo "2486"]
[BlackElo "2474"]
[WhiteEngine "BrainFish_180106_x64_modern_CTG"]
[BlackEngine "Stockfish SL FA PB BMI2"]
[EventType "Swiss"]
[WhiteTeam ""]
[BlackTeam ""]
[PlyCount "113"]
[TimeControl "420+2"]

1. e4 e6 2. d4 d5 3. Nc3 Nf6 4. e5 Nfd7 5. f4 c5 6. Nf3 Nc6 7. Be3 Qb6 
8. Na4 Qa5+ 9. c3 cxd4 10. b4 Nxb4 11. cxb4 Bxb4+ 12. Bd2 Bxd2+ 13. Nxd2 b6 
14. Bd3 Nc5 15. Nxc5 bxc5 16. O-O Bd7 17. Rb1 O-O 18. Qc2 Qc3 19. Bxh7+ Kh8 
20. Rf3 Qxc2 21. Bxc2 Kg8 22. Rh3 g6 23. Rd3 Rab8 24. Nf3 Rxb1+ 25. Bxb1 Ba4 
26. Rd2 Rb8 27. Bc2 Be8 28. Kf2 Rb6 29. Ke1 Kg7 30. Kd1 Ra6 31. Bb1 Bb5 
32. Kc1 Ra3 33. Rc2 Bc4 34. Nd2 Ra4 35. g3 Kh6 36. Nf3 a6 37. Nd2 Kg7 38. Nb3 d3 
39. Rd2 Bb5 40. Bxd3 Bxd3 41. Rxd3 c4 42. Nc5 Rxa2 43. Rd2 Ra3 44. Nb7 a5 
45. Nd6 a4 46. Rb2 Rb3 47. Rxb3 cxb3 48. Kb2 f6 49. Ne8+ Kf7 50. Nxf6 Ke7 
51. g4 d4 52. h4 Kf7 53. Ne4 d3 54. Nd2 Ke8 55. Ka3 b2 56. Kxa4 Ke7 57. Kb3 1-0

[Event "Sunday 14 January 2nd Tour 7+2 Rounds 9 Starts 2200 ST"]
[Site "Infinity Chess"]
[Date "2018.1.14"]
[Round "4"]
[White "CoffeeOne"]
[Black "miguello"]
[Result "1/2-1/2"]
[ECO "D00"]
[WhiteElo "2554"]
[BlackElo "2390"]
[WhiteEngine "Houdini 6"]
[BlackEngine "stockfish_18011309_x64_modern_CTG"]
[EventType "Swiss"]
[WhiteTeam ""]
[BlackTeam ""]
[PlyCount "128"]
[TimeControl "420+2"]

1. d4 d5 2. e3 Nf6 3. c4 e6 4. Nf3 c6 5. Nbd2 Nbd7 6. Bd3 Bd6 7. O-O O-O 
8. e4 e5 9. cxd5 cxd5 10. Re1 h6 11. exd5 exd4 12. Ne4 Ne5 13. Nxd4 Bc7 
14. Bf4 Nxd5 15. Bg3 Nf4 16. Be2 Nxe2+ 17. Rxe2 Re8 18. Nb5 Bg4 19. Nxc7 Bxe2 
20. Qxd8 Raxd8 21. Nxe8 Rxe8 22. b3 b6 23. f3 Nd3 24. Nd6 Re7 25. a3 f6 
26. h3 Rc7 27. Nf5 Rd7 28. Bb8 Nc5 29. b4 Na6 30. Bg3 Nc7 31. Rc1 Nd5 
32. Nd6 Ne7 33. Kf2 Bd3 34. Rd1 Bc4 35. Rd4 Be6 36. Nb5 Nd5 37. h4 a6 
38. Nd6 Rc7 39. Re4 Bd7 40. Rc4 Rxc4 41. Nxc4 h5 42. Ne3 Nc3 43. Bc7 b5 
44. Nc2 Kf7 45. Bb6 Kg6 46. Bd4 Nd5 47. g3 Kf7 48. Ne3 Ke6 49. Ng2 g5 
50. g4 hxg4 51. fxg4 gxh4 52. Nxh4 Ne7 53. Kg3 Nc6 54. Nf5 Nxd4 55. Nxd4+ Kd5 
56. Nb3 Kc4 57. Nc5 Bc6 58. Nxa6 Kb3 59. Kf4 Kxa3 60. Kf5 Bd7+ 61. Kxf6 Bxg4 
62. Kg5 Bf3 63. Kf4 Bd1 64. Ke4 Kb3 1/2-1/2

[Event "Sunday 14 January 2nd Tour 7+2 Rounds 9 Starts 2200 ST"]
[Site "Infinity Chess"]
[Date "2018.1.14"]
[Round "4"]
[White "MarioDeMonti"]
[Black "Dovahkiin"]
[Result "1/2-1/2"]
[ECO "B08"]
[WhiteElo "2474"]
[BlackElo "2418"]
[WhiteEngine "stockfish_x64_bmi2_2018_01_01_CTG"]
[BlackEngine "BrainFish_180113_x64_modern_CTG"]
[EventType "Swiss"]
[WhiteTeam ""]
[BlackTeam ""]
[PlyCount "85"]
[TimeControl "420+2"]

1. e4 Nf6 2. e5 Nd5 3. d4 d6 4. c4 Nb6 5. exd6 cxd6 6. Nc3 g6 7. Nf3 Bg7 
8. Be2 O-O 9. h3 Bf5 10. a4 d5 11. c5 Nc4 12. g4 Be6 13. O-O b6 14. Bxc4 dxc4 
15. d5 Bxc3 16. dxe6 Qxd1 17. Rxd1 Bf6 18. exf7+ Rxf7 19. Ng5 Rf8 20. Ne4 Bg7 
21. Rb1 Na6 22. Be3 Nxc5 23. Nxc5 bxc5 24. Rbc1 Rab8 25. Rxc4 Bd4 26. Bxd4 cxd4 
27. Rd2 e5 28. Rc5 Rfe8 29. Rc7 a6 30. Kg2 Rb4 31. Rd7 Rxa4 32. Rc2 Rb4 
33. Rcc7 h5 34. Rg7+ Kh8 35. Rxg6 hxg4 36. hxg4 Rxb2 37. Rh6+ Kg8 38. Rxa6 Rf8 
39. Rg6+ Kh8 40. Rh6+ Kg8 41. Rg6+ Kh8 42. Rh6+ Kg8 43. Rg6+ 1/2-1/2

[Event "Sunday 14 January 2nd Tour 7+2 Rounds 9 Starts 2200 ST"]
[Site "Infinity Chess"]
[Date "2018.1.14"]
[Round "4"]
[White "ocirema"]
[Black "MiKachomiKa QueeN"]
[Result "1/2-1/2"]
[ECO "C50"]
[WhiteElo "2472"]
[BlackElo "2463"]
[WhiteEngine "asmFishW_2018-01-12_popcnt_CTG"]
[BlackEngine "Raubfisch X37b1_CTG"]
[EventType "Swiss"]
[WhiteTeam ""]
[BlackTeam ""]
[PlyCount "180"]
[TimeControl "420+2"]

1. e4 e5 2. Nf3 Nc6 3. Bc4 Bc5 4. O-O Nf6 5. d3 d6 6. c3 O-O 7. Nbd2 a5 
8. h3 Be6 9. b3 Bb6 10. Bb2 d5 11. Bb5 Na7 12. c4 dxe4 13. dxe4 Bc5 14. Bxe5 c6 
15. Ba4 b5 16. b4 Bxb4 17. Bc2 Nd7 18. Bd4 bxc4 19. a3 Be7 20. Qe2 c5 
21. Bb2 Rb8 22. Rab1 Rxb2 23. Rxb2 c3 24. Rb7 Nc6 25. Nb3 a4 26. Nc1 Nd4 
27. Qd3 Qc8 28. Rb1 Bf6 29. Nxd4 Bxd4 30. Ne2 Ne5 31. Qg3 Nc4 32. Ra1 f5 
33. exf5 Bxf5 34. Bxa4 Nd2 35. Nxc3 Nxf1 36. Rxf1 Qb8 37. Qxb8 Rxb8 38. Nd5 Kf7 
39. Ne3 Be4 40. Re1 Ke6 41. g4 Kd6 42. Bc2 Bxe3 43. Bxe4 Bd4 44. Kg2 Rb2 
45. Bxh7 Rxf2+ 46. Kg3 Rd2 47. Kf3 Rf2+ 48. Kg3 Rd2 49. Kf4 c4 50. Re8 Rf2+ 
51. Kg3 Rd2 52. Kf4 c3 53. Rc8 Bc5 54. Rd8+ Kc6 55. Rxd2 cxd2 56. Bc2 Bxa3 
57. Kf3 g5 58. Ke3 Bb4 59. Ke4 Kb5 60. Kd3 Kc6 61. Ke2 Kd5 62. Kd3 Kc5 
63. Bb3 Kc6 64. Bd1 Kd6 65. Bb3 Kc5 66. Bc2 Kd6 67. Ke2 Ke5 68. Ke3 Kf6 
69. Ke2 Kg7 70. Kd1 Kf6 71. Ke2 Ke5 72. Ke3 Kd6 73. Kf3 Bc3 74. Ke3 Ba5 
75. Kd3 Ke5 76. Ke3 Kf6 77. Ke2 Kf7 78. Bb3+ Kf6 79. Bd1 Bc3 80. Bc2 Ke5 
81. Ke3 Ke6 82. Kf3 Bd4 83. Ke2 Kf6 84. Kxd2 Ke5 85. Ba4 Kf4 86. Bc2 Be5 
87. Kd3 Kg3 88. Ke4 Bg7 89. Bb3 Ba1 90. Kf5 Kxh3 1/2-1/2

[Event "Sunday 14 January 2nd Tour 7+2 Rounds 9 Starts 2200 ST"]
[Site "Infinity Chess"]
[Date "2018.1.14"]
[Round "4"]
[White "Murx"]
[Black "Coco69"]
[Result "1-0"]
[ECO "A22"]
[WhiteElo "2498"]
[BlackElo "2498"]
[WhiteEngine "BrainFish_171226_x64_modern"]
[BlackEngine "asmfishw_2018-01-12_base"]
[EventType "Swiss"]
[WhiteTeam ""]
[BlackTeam ""]
[PlyCount "174"]
[TimeControl "420+2"]

1. c4 e5 2. Nc3 Nf6 3. Nf3 Nc6 4. g3 Bb4 5. Bg2 O-O 6. O-O e4 7. Ng5 Bxc3 
8. bxc3 Re8 9. f3 exf3 10. Nxf3 Qe7 11. e3 d6 12. d3 h6 13. Nd4 Ne5 14. e4 Bg4 
15. Qd2 Rac8 16. a4 c6 17. h3 Be6 18. Kh2 Bd7 19. Rb1 b6 20. Ra1 c5 21. Nc2 Qd8 
22. Ne3 Be6 23. Qd1 Nh7 24. Ra2 Qd7 25. Raf2 f6 26. Nd5 Ng5 27. d4 Nef7 
28. e5 dxe5 29. Qh5 f5 30. Bxg5 Nxg5 31. dxe5 Kh8 32. h4 Nh7 33. Rxf5 Bxf5 
34. Rxf5 Rf8 35. Be4 Rcd8 36. Qg4 Rxf5 37. Bxf5 Qxa4 38. Qe2 Qc6 39. Ne7 Qe8 
40. Ng6+ Kg8 41. Nf4 Nf8 42. e6 g6 43. Bh3 Qe7 44. Nd5 Qg7 45. Qe4 Re8 46. e7 g5 
47. hxg5 Qxg5 48. exf8=Q+ Rxf8 49. Bf5 a5 50. Qe5 Rxf5 51. Ne7+ Kf8 52. Nxf5 a4 
53. Kg2 Qg6 54. Qe7+ Kg8 55. Qd8+ Kf7 56. Qe7+ Kg8 57. Qd8+ Kh7 58. Qc7+ Kh8 
59. Qb8+ Kh7 60. Qb7+ Kh8 61. Qb8+ Kh7 62. Qa7+ Kh8 63. Qa8+ Kh7 64. Qa7+ Kh8 
65. Qa8+ Kh7 66. Nh4 Qc2+ 67. Kh3 Kg7 68. Qb7+ Kf6 69. Qxb6+ Kf7 70. Qxc5 Qd1 
71. Qf5+ Kg8 72. Qd5+ Qxd5 73. cxd5 a3 74. d6 Kf7 75. d7 Ke7 76. Nf5+ Kxd7 
77. Nd4 a2 78. Nb3 Ke6 79. c4 Ke7 80. Kh4 Kf6 81. Kh5 Ke5 82. Kxh6 Kf5 
83. Kh5 Ke4 84. g4 Kf4 85. g5 Kf5 86. g6 Ke5 87. g7 Kf6 1-0

[Event "Sunday 14 January 2nd Tour 7+2 Rounds 9 Starts 2200 ST"]
[Site "Infinity Chess"]
[Date "2018.1.14"]
[Round "4"]
[White "CrossingJordan"]
[Black "incredible"]
[Result "1/2-1/2"]
[ECO "B28"]
[WhiteElo "2509"]
[BlackElo "2500"]
[WhiteEngine "asmFishW_2017-12-20_bmi2_CTG"]
[BlackEngine "Stockfish_x64_bmi2"]
[EventType "Swiss"]
[WhiteTeam ""]
[BlackTeam ""]
[PlyCount "149"]
[TimeControl "420+2"]

1. e4 c5 2. Nf3 a6 3. Nc3 d6 4. g3 Nc6 5. d4 Bg4 6. d5 Nd4 7. Bg2 g6 8. Qd3 Bxf3 
9. Bxf3 Nxf3+ 10. Qxf3 Bg7 11. a4 Nf6 12. O-O O-O 13. a5 Qc7 14. Kg2 Rae8 
15. Bg5 Nd7 16. h4 h6 17. Bd2 Kh7 18. Rfe1 Ne5 19. Qe2 Nd7 20. Be3 Nf6 21. f3 e6 
22. Qd2 Ng8 23. Bf2 Bh8 24. Na4 exd5 25. exd5 Nf6 26. Be3 Bg7 27. Rad1 Re7 
28. Nb6 Rfe8 29. Nc4 h5 30. Ra1 Bf8 31. Bf2 Bh6 32. Qd3 Kg8 33. Rxe7 Rxe7 
34. Re1 Kf8 35. Kh3 Rxe1 36. Bxe1 Qe7 37. Bc3 Ne8 38. Kg2 Nc7 39. Kf2 Qd7 
40. Be1 Ne8 41. Kg2 Qe7 42. Bc3 Nc7 43. Kf2 Qd7 44. Be1 Ne8 45. Kg2 Qe7 
46. Bf2 Nf6 47. Kf1 Qd7 48. Kg1 Kg8 49. Kg2 Qe7 50. Be3 Bxe3 51. Qxe3 Qd7 
52. Qd2 Ne8 53. Qg5 Ng7 54. Qf4 Nf5 55. Kf2 Qd8 56. c3 Kg7 57. Qg5 Qe8 
58. b3 Qh8 59. Ke2 Qe8+ 60. Kf2 Qh8 61. Nd2 Qe8 62. g4 hxg4 63. fxg4 Nh6 
64. Qf4 Qb5 65. Ne4 Qxb3 66. Qf6+ Kg8 67. Qd8+ Kg7 68. Qf6+ Kg8 69. Qg5 Kg7 
70. Kg3 Qb1 71. Qf6+ Kg8 72. Qd8+ Kg7 73. Qf6+ Kg8 74. Qd8+ Kg7 75. Qf6+ 1/2-1/2

[Event "Sunday 14 January 2nd Tour 7+2 Rounds 9 Starts 2200 ST"]
[Site "Infinity Chess"]
[Date "2018.1.14"]
[Round "4"]
[White "xeonrocks"]
[Black "Vimtiroba"]
[Result "1/2-1/2 "]
[ECO "C50"]
[WhiteElo "2584"]
[BlackElo "2541"]
[WhiteEngine "asmFishW_bmi2_CTG"]
[BlackEngine "CFish@13_CTG"]
[EventType "Swiss"]
[WhiteTeam ""]
[BlackTeam ""]
[PlyCount "205"]
[TimeControl "420+2"]

1. e4 e5 2. Nf3 Nc6 3. Bc4 Bc5 4. O-O Nf6 5. d3 d6 6. c3 a5 7. Re1 O-O 
8. Nbd2 Ba7 9. Nf1 Be6 10. Bb5 Ne7 11. d4 exd4 12. Nxd4 Ng6 13. Ba4 h6 
14. Be3 Bc8 15. Bc2 Re8 16. f3 Bd7 17. a4 c6 18. Nb3 Bb8 19. Bf2 Bc7 20. Ne3 Nh5 
21. Kh1 Nhf4 22. Qd2 Qg5 23. g3 Nh3 24. f4 Qf6 25. Rf1 Nxf2+ 26. Rxf2 Nf8 
27. Rd1 Qd8 28. Qd3 Bb6 29. Nd4 Qf6 30. Qe2 Nh7 31. Qf3 Rad8 32. h4 Qe7 
33. Re2 Bxd4 34. cxd4 Bc8 35. Kh2 Be6 36. f5 Bc8 37. Ng4 Qc7 38. Qf4 c5 
39. Rg2 cxd4 40. Rxd4 Qe7 41. Rgd2 Nf6 42. Nxf6+ Qxf6 43. Bb3 Kh7 44. Bd5 Re7 
45. b4 axb4 46. Rxb4 Rc7 47. Rc4 Rxc4 48. Bxc4 b6 49. Qf2 Bb7 50. Qd4 Qxd4 
51. Rxd4 Kg8 52. e5 d5 53. Bb5 Rc8 54. g4 Rc3 55. Rb4 Bc8 56. h5 Kf8 57. Bf1 Bd7 
58. Rxb6 Bxa4 59. Rd6 Rc1 60. Ba6 Rc6 61. Rxc6 Bxc6 62. f6 d4 63. Bd3 Bd5 
64. Kg3 Bb3 65. Kf4 Bd1 66. Bf5 Ba4 67. g5 Bd1 68. gxh6 gxh6 69. Bg4 Bc2 
70. Bd7 Kg8 71. Bc8 Bh7 72. Bg4 Bc2 73. Bc8 Bb1 74. Bh3 Bc2 75. Bg4 Kf8 
76. Bf3 Bd3 77. Kg4 Bc2 78. Kf4 Kg8 79. Bg2 Bd1 80. Bf3 Ba4 81. Bd5 Bc2 
82. Kf3 Kf8 83. Kf2 Bd1 84. Bf3 Bb3 85. Ke2 Bc2 86. Kf2 Bd3 87. Bd1 Bf5 
88. Kg2 Bb1 89. Kf2 Bd3 90. Bb3 Be4 91. Kg3 Bb1 92. Bc4 Ke8 93. Kf4 Kf8 
94. Kf3 Bf5 95. Bb3 Bd3 96. Bd1 Bb1 97. Bb3 Kg8 98. Kf4 Kf8 99. Bd5 Bd3 
100. Kg3 Bb1 101. Bf3 Ke8 102. Kf4 Bd3 103. Be4 1/2-1/2

[Event "Sunday 14 January 2nd Tour 7+2 Rounds 9 Starts 2200 ST"]
[Site "Infinity Chess"]
[Date "2018.1.14"]
[Round "4"]
[White "Seliga"]
[Black "SkyPilot"]
[Result "1/2-1/2"]
[ECO "B23"]
[WhiteElo "2527"]
[BlackElo "2543"]
[WhiteEngine "SF@130118_CTG"]
[BlackEngine "stockfish_x64_bmi2_2018_01_01_CTG"]
[EventType "Swiss"]
[WhiteTeam ""]
[BlackTeam ""]
[PlyCount "79"]
[TimeControl "420+2"]

1. e4 c5 2. Nc3 a6 3. Nf3 d6 4. d4 cxd4 5. Nxd4 Nf6 6. Be2 e5 7. Nb3 Be7 
8. Be3 Be6 9. Qd3 Nbd7 10. Nd5 O-O 11. O-O Bxd5 12. exd5 b6 13. Bd2 Qc7 
14. Rac1 a5 15. a4 Nc5 16. Nxc5 Qxc5 17. Qb5 Rad8 18. Rfd1 Qc7 19. c3 Rb8 
20. Qd3 Nd7 21. b4 f5 22. f3 g6 23. Qe3 f4 24. Qe4 Bh4 25. Bb5 Nf6 26. Qe2 Nh5 
27. Rb1 Qe7 28. Rdc1 Bg3 29. hxg3 Nxg3 30. Qe1 Rf7 31. bxa5 Qh4 32. Bd3 e4 
33. Bxe4 Re8 34. axb6 Rxe4 35. b7 Ne2+ 36. Kf1 Qh1+ 37. Kf2 Qh4+ 38. Kf1 Qh1+ 
39. Kf2 Qh4+ 40. Kf1 1/2-1/2

[Event "Sunday 14 January 2nd Tour 7+2 Rounds 9 Starts 2200 ST"]
[Site "Infinity Chess"]
[Date "2018.1.14"]
[Round "4"]
[White "THE_MACHINE"]
[Black "beka"]
[Result "1/2-1/2"]
[ECO "B90"]
[WhiteElo "2571"]
[BlackElo "2370"]
[WhiteEngine "Houdini 6"]
[BlackEngine "stockfish_18011309_x64_CTG"]
[EventType "Swiss"]
[WhiteTeam ""]
[BlackTeam ""]
[PlyCount "118"]
[TimeControl "420+2"]

1. e4 c5 2. Nf3 d6 3. d4 cxd4 4. Nxd4 Nf6 5. Nc3 a6 6. Be3 e5 7. Nb3 Be6 
8. f3 h5 9. Nd5 Bxd5 10. exd5 Nbd7 11. Qd2 g6 12. Be2 Bg7 13. O-O b6 14. c4 O-O 
15. Rad1 Re8 16. h3 a5 17. Na1 b5 18. cxb5 Nb6 19. Kh1 Nbxd5 20. Bg5 Nf4 
21. Bd3 d5 22. Bxf4 exf4 23. Qxf4 Nd7 24. Qg3 Bxb2 25. f4 Qc7 26. Qf2 Bf6 
27. Rc1 Qa7 28. Qxa7 Rxa7 29. Rfd1 Bd4 30. g3 Bb6 31. Rc6 Rc7 32. Kg2 Rxc6 
33. bxc6 Nc5 34. Bf1 Re3 35. Rxd5 Rc3 36. Rd4 Ne6 37. Rc4 Ra3 38. Nc2 Rxa2 
39. Bd3 Rb2 40. Kf3 Kf8 41. f5 gxf5 42. Bxf5 Nc7 43. Nd4 Ke7 44. Bd3 Kd6 
45. Nf5+ Ke5 46. Ne3 Rb3 47. Re4+ Kd6 48. Bc4 Rc3 49. Bxf7 a4 50. Kf4 a3 
51. g4 Bxe3+ 52. Rxe3 Rxe3 53. Kxe3 Ne6 54. c7 Nxc7 55. Kd4 Ne6+ 56. Bxe6 Kxe6 
57. Kc3 hxg4 58. hxg4 Kf6 59. Kb3 Kg5 1/2-1/2